 Dungeon Crawl Stone Soup version 0.25-a0-50-gf0389da217 (webtiles) character file.

Game seed: 12219565830287377284, levelgen mode: deterministic

11769 Mort the Covert (level 11, -1/61 HPs)
             Began as a Felid Venom Mage on Oct 23, 2019.
             Was a Priest of Sif Muna.
             Slain by a wraith (10 damage)
             ... led by Josephine
             ... on level 11 of the Dungeon on Oct 24, 2019.
             The game lasted 01:35:12 (25663 turns).

Mort the Covert (Felid Venom Mage)                 Turns: 25663, Time: 01:35:13

Health: -1/61      AC:  6    Str:  4    XL:     11   Next: 53%
Magic:  16/25      EV: 18    Int: 20    God:    Sif Muna [***...]
Gold:   1348       SH:  0    Dex: 17    Spells: 4/16 levels left
                                        Lives:  0   Deaths: 2

rFire    x . .     SeeInvis +     - Unarmed
rCold    + + +     Gourm    .   (shield unavailable)
rNeg     . . .     Faith    .   (armour unavailable)
rPois    +         Spirit   .   (helmet unavailable)
rElec    +         Reflect  .   (cloak unavailable)
rCorr    .         Harm     .   (gloves unavailable)
MR       .....                  (boots unavailable)
Stlth    ++++++....             (no amulet)
HPRegen  0.20/turn              d - ring of magical power
MPRegen  0.19/turn              A - ring "Dicwofij" {rElec rPois}

@: ice-form, vulnerable, slowed, very slow
A: large, no armour, no weapons or thrown items, stealth, see invisible,
carnivore, slow metabolism 1
a: End Transformation, Channel Magic, Forget Spell, Renounce Religion


You were on level 11 of the Dungeon.
You worshipped Sif Muna.
Sif Muna was most pleased with you.
You were completely stuffed.
You were a creature of crystalline ice.
You visited 3 branches of the dungeon, and saw 18 of its levels.

You collected 1348 gold pieces.

Inventory:

Missiles
 f - 278 arrows
Jewellery
 d - a ring of magical power (left front paw)
 j - a +4 ring of strength
 q - an uncursed ring of magical power
 w - an uncursed amulet of rage
 A - the ring "Dicwofij" (right front paw) {rElec rPois}
   (You found it on level 3 of the Lair of Beasts)

   [ring of poison resistance]

   It insulates you from electricity.
   It protects you from poison.
 F - an uncursed ring of poison resistance
 H - an uncursed ring of fire
 L - an uncursed ring of flight
 O - an uncursed amulet of magic regeneration
Wands
 g - a wand of polymorph (11)
 E - a wand of flame (42)
 M - a wand of disintegration (15)
 R - a wand of iceblast (9)
 S - a wand of random effects (12)
Scrolls
 e - 2 scrolls of magic mapping {unknown}
 h - 4 scrolls of enchant armour
 k - 7 scrolls of teleportation {unknown}
 l - 7 scrolls of remove curse
 p - a scroll of blinking {unknown}
 s - 4 scrolls of fog {unknown}
 t - a scroll of immolation {unknown}
 u - 2 scrolls of random uselessness {unknown}
 x - a scroll of fear {unknown}
 y - a scroll of enchant weapon
 I - a scroll of vulnerability
 N - a scroll of holy word {unknown}
 Q - 3 scrolls of identify
 U - a scroll of noise {unknown}
Potions
 a - 5 potions of heal wounds
 c - 3 potions of lignification
 i - 2 potions of ambrosia
 m - a potion of resistance
 n - 10 potions of curing
 o - 3 potions of mutation {unknown}
 r - a potion of cancellation {unknown}
 v - 6 potions of brilliance
 z - 2 potions of agility
 B - a potion of flight {unknown}
 C - 3 potions of invisibility
 D - a potion of degeneration {unknown}
 G - 3 potions of haste {unknown}
 J - a potion of berserk rage {unknown}
 K - a potion of magic {unknown}
 P - a potion of might {unknown}
Comestibles
 b - 33 rations
 T - 2 chunks of flesh


   Skills:
 + Level 8.3 Fighting
 + Level 12.0 Dodging
 - Level 13.6 Stealth
 + Level 10.8 Unarmed Combat
 - Level 3.0 Spellcasting
 - Level 3.0 Conjurations
 - Level 8.0 Transmutations
 - Level 3.0 Ice Magic
 - Level 3.0 Air Magic
 - Level 3.0 Poison Magic


You had 4 spell levels left.
You knew the following spells:

 Your Spells              Type           Power        Failure   Level  Hunger
a - Sting                 Conj/Pois      ###.         4%          1    None
b - Poisonous Vapours     Pois/Air       ###...       6%          2    ##.....
c - Mephitic Cloud        Conj/Pois/Air  ###.....     12%         3    ###....
d - Sticks to Snakes      Tmut           #####...     1%          2    ##.....
e - Ice Form              Ice/Tmut       ####....     14%         4    ####...

Your spell library contained the following spells:

 Spells                   Type           Power        Failure   Level  Hunger
 Beastly Appendage        Tmut           #####.       1%          1    None
 Spider Form              Tmut/Pois      ####......   4%          3    ###....
 Flame Tongue             Conj/Fire      #....        8%          1    None
 Throw Flame              Conj/Fire      #.....       12%         2    ##.....
 Conjure Flame            Conj/Fire      #.......     22%         3    ###....
 Inner Flame              Hex/Fire       #.......     38%         3    ###....
 Olgreb's Toxic Radiance  Pois           ###.....     38%         4    ####...
 Sticky Flame             Conj/Fire      #.......     58%         4    ####...
 Cause Fear               Hex            #.........   80%         4    ####...
 Blade Hands              Tmut           #####.....   14%         5    ######.
 Yara's Violent Unravell  Hex/Tmut       ###.......   58%         5    ######.
 Venom Bolt               Conj/Pois      ###.......   75%         5    ######.
 Fireball                 Conj/Fire      #.........   91%         5    ######.
 Silence                  Hex/Air        #.........   91%         5    ######.
 Deflect Missiles         Chrm/Air       #.........   100%        6    #######
 Discord                  Hex            #.........   100%        8    #######


Dungeon Overview and Level Annotations

Branches:
Dungeon (11/15)            Temple (1/1) D:7            Lair (6/6) D:8
 Shoals (0/4) Lair:3       Spider (0/4) Lair:4
  Slime: Lair:5-6       Orc: D:9-12

Altars:
Ashenzari
Cheibriados
Dithmenos
Elyvilon
Fedhas
Gozag
Hepliaklqana
Kikubaaqudgha
Makhleb
Nemelex Xobeh
Okawaru
Qazlal
Ru
Sif Muna
Trog
Uskayaw
Vehumet
Wu Jian
Xom
Yredelemnul
Zin
The Shining One

Shops:
D:8 (

Annotations:
D:5 1 exclusion
D:6 2 runed translucent doors, Wyvric's ghost, novice OgHu
D:11 Josephine
Lair:1 Fannar


Innate Abilities, Weirdness & Mutations

You cannot wear armour.
You are incapable of wielding weapons or throwing items.
Your paws allow you to move quietly. (Stealth)
((You have sharp claws.))
((You have razor-sharp teeth.))
You have supernaturally acute eyesight. (SInv)
You are carnivorous and can eat meat at any time.
((You cover ground quickly.))
((You are covered in thick fur. (AC +2)))
You have a slow metabolism.
((Your sharp claws are effective at attacking unaware monsters.))


Message History

The hippogriff pecks you but does no damage.
The hippogriff claws you.
As you read the scroll labeled CETOEQUEQO, it crumbles to dust.
Magic quickly surges around you.
It was a scroll of vulnerability.
Josephine closely misses you. The wraith hits you!
The wraith drains your vigour!
You feel as though you will be slow longer.
The hippogriff bites you.
* * * LOW HITPOINT WARNING * * *
The hippogriff pecks you.
* * * LOW HITPOINT WARNING * * *
The hippogriff barely misses you.
Unknown command.
As you read the scroll labeled PIANLYCVIA JY GAYR, it crumbles to dust.
It is a scroll of enchant armour.
You aren't carrying any armour which can be enchanted further.
Josephine hits you with a +2 dagger of protection.
* * * LOW HITPOINT WARNING * * *
The wraith hits you!
You die...

+.......<..@...#......
#......#..............#......
#......#..............#......
#......#......WW......#......
......+..........[...#......
.....#......."......#......
#..###'W###+#+#####......
#.....WW@....... ........
#.....WHY......# ########
#..#######.....# #
#..#.....#.....# #
#..#.....#.....# #
######..#.....#.....# #
........#.....#()...##########
........#.....#...............
##......###'###........[......
#............................


You could see Josephine, a hippogriff and 4 wraiths.

Vanquished Creatures
  3 hydras
  A centaur warrior (D:11)
  Erica (D:8)
  An unseen horror (D:10)
  Pikel (D:6)
  An ugly thing (D:10)
  Joseph (D:7)
  5 elephants (Lair:4)
  A centaur zombie (D:10)
  Psyche (D:11)
  5 spiny frogs
  6 komodo dragons
  A rime drake (Lair:3)
  2 trolls
  A polar bear (Lair:5)
  3 jumping spiders (Lair:4)
  13 blink frogs
  5 hippogriffs
  A redback (Lair:4)
  A wyvern (D:9)
  4 yaks (Lair:1)
  3 basilisks
  Eustachio (D:6)
  5 porcupines
  6 water moccasins
  2 ice beasts
  A sky beast (D:10)
  4 phantoms
  2 slaves (D:6)
  4 wolves (Lair:5)
  A black bear (D:7)
  4 ogres
  4 centaurs
  9 crocodiles
  Blork the orc (D:6)
  8 bullfrogs
  4 big kobolds
  4 scorpions
  4 killer bees (D:7)
  3 wights (D:8)
  4 howler monkeys
  An electric eel (Lair:1)
  3 crimson imps
  4 jellies
  A quasit (D:9)
  An orc priest (D:5)
  2 hounds
  3 bullfrog skeletons
  A gnoll shaman (D:5)
  Jessica (D:2)
  Terence (D:2)
  An iguana (D:8)
  5 worker ants
  4 orc wizards
  2 hound zombies
  A hound skeleton (D:6)
  3 worker ant zombies
  12 adders
  8 gnolls
  A howler monkey skeleton (D:10)
  3 shadow imps
  2 oozes
  An adder skeleton (D:4)
  An adder zombie (D:5)
  5 worms
  5 dart slugs
  6 leopard geckos
  25 orcs
  2 giant cockroaches (D:2)
  4 goblins
  5 hobgoblins
  7 jackals
  2 quokkas
  3 ball pythons
  9 bats
  7 frilled lizards
  2 jackal skeletons
  27 kobolds
  A leopard gecko skeleton (D:4)
  10 rats
314 creatures vanquished.

Vanquished Creatures (collateral kills)
  A hydra (Lair:5)
  A basilisk (Lair:1)
2 creatures vanquished.

Vanquished Creatures (others)
  5 fungi
  A plant (Lair:2)
6 creatures vanquished.

Grand Total: 322 creatures vanquished

Notes
Turn   | Place    | Note
-------+----------+-------------------------------------------
     0 | D:1      | Mort the Felid Venom Mage began the quest for the Orb.
     0 | D:1      | Reached XP level 1. HP: 7/7 MP: 4/4
     0 | D:1      | Noticed a red draconian
     1 | D:1      | Noticed an ice dragon
     1 | D:1      | Noticed a large abomination
     4 | D:1      | Noticed a shadow dragon
     6 | D:1      | Noticed an ice dragon
     7 | D:1      | Noticed a tentacled monstrosity
     8 | D:1      | Noticed a tentacled monstrosity
    11 | D:1      | Noticed an orb of fire
    13 | D:1      | Noticed a shadow dragon
    13 | D:1      | Noticed a tentacled monstrosity
    15 | D:1      | Noticed a tentacled monstrosity
    15 | D:1      | Noticed a large abomination
    17 | D:1      | Noticed an orb of fire
    17 | D:1      | Noticed an orb of fire
    19 | D:1      | Noticed an ice dragon
    21 | D:1      | Noticed a shadow dragon
    57 | D:1      | Reached skill level 3 in Stealth
   313 | D:1      | Reached XP level 2. HP: 10/11 MP: 0/6
   440 | D:1      | Learned a level 2 spell: Poisonous Vapours
   900 | D:1      | Reached skill level 1 in Fighting
  1221 | D:2      | Found a faded altar of an unknown god.
  1300 | D:2      | Reached skill level 4 in Stealth
  1322 | D:2      | Reached XP level 3. HP: 15/15 MP: 4/7
  1357 | D:2      | Noticed Terence
  2270 | D:2      | Reached XP level 4. HP: 19/19 MP: 2/8
  2342 | D:2      | Found a basalt altar of Yredelemnul.
  2436 | D:2      | Upgraded the game from 0.25-a0-42-g6c54e25894 to
                  | 0.25-a0-50-gf0389da217
  2722 | D:2      | Killed Terence
  2722 | D:2      | Reached skill level 5 in Stealth
  2796 | D:2      | Noticed Jessica
  2803 | D:2      | Killed Jessica
  2803 | D:2      | Reached XP level 5. HP: 23/23 MP: 5/10
  4614 | D:4      | Gained mutation: You are covered in thick fur. (AC +2)
                  | [Felid growth]
  4614 | D:4      | Reached XP level 6. HP: 28/28 MP: 6/11
  4965 | D:4      | Learned a level 3 spell: Mephitic Cloud
  5192 | D:4      | Reached skill level 5 in Fighting
  5942 | D:4      | Found a shattered altar of Ashenzari.
  5954 | D:4      | Reached XP level 7. HP: 34/34 MP: 10/12
  6439 | D:4      | HP: 1/34 [acid (10)]
  6466 | D:4      | Reached skill level 1 in Conjurations
  6802 | D:5      | Entered Level 5 of the Dungeon
  7571 | D:4      | Reached skill level 1 in Air Magic
  8247 | D:5      | Found a radiant altar of Vehumet.
  8697 | D:6      | Noticed Blork the orc
  8697 | D:6      | Noticed Eustachio
  9476 | D:6      | Killed Blork the orc
 10134 | D:6      | Reached skill level 1 in Unarmed Combat
 10174 | D:6      | Reached XP level 8. HP: 38/38 MP: 13/13
 10381 | D:6      | Killed Eustachio
 10381 | D:6      | Reached skill level 6 in Stealth
 10753 | D:6      | Found a runed translucent door.
 10759 | D:6      | Noticed Wyvric's ghost (novice OgHu)
 10840 | D:6      | Noticed Pikel
 10861 | D:6      | Killed Pikel
 10861 | D:6      | Reached skill level 8 in Stealth
 10939 | D:6      | Found a runed translucent door.
 11161 | D:7      | Found a sacrificial altar of Ru.
 11203 | D:7      | Found a staircase to the Ecumenical Temple.
 11214 | Temple   | Entered the Ecumenical Temple
 11332 | Temple   | Became a worshipper of Sif Muna the Loreminder
 11419 | D:7      | Reached skill level 9 in Stealth
 11419 | D:7      | Reached skill level 5 in Unarmed Combat
 11526 | D:7      | Reached XP level 9. HP: 41/41 MP: 14/14
 12294 | D:8      | Reached skill level 10 in Stealth
 12339 | D:8      | Reached * piety under Sif Muna
 12432 | D:8      | Found a staircase to the Lair.
 12449 | D:8      | Found Saunorr's Weapon Shoppe.
 13009 | D:8      | Noticed Joseph
 13012 | D:8      | Noticed Erica
 13044 | D:7      | Killed Joseph
 13044 | D:7      | Reached skill level 11 in Stealth
 13151 | D:8      | Killed Erica
 13151 | D:8      | Reached skill level 12 in Stealth
 13381 | D:8      | Reached XP level 10. HP: 45/45 MP: 15/15
 14539 | D:9      | Reached ** piety under Sif Muna
 15147 | D:9      | Reached skill level 13 in Stealth
 15257 | D:9      | You fall into a shaft and drop 1 floor!
 15257 | D:10     | Entered Level 10 of the Dungeon
 15817 | D:10     | Noticed an unseen horror
 15859 | D:10     | Killed an unseen horror
 16018 | D:10     | Learned a level 2 spell: Sticks to Snakes
 16129 | D:10     | Reached skill level 1 in Transmutations
 17006 | D:11     | Noticed a red ugly thing
 17103 | D:9      | Reached skill level 5 in Dodging
 17185 | Lair:1   | Entered Level 1 of the Lair of Beasts
 17748 | Lair:1   | Found a basalt altar of Yredelemnul.
 18014 | Lair:1   | Noticed Fannar
 18023 | Lair:1   | Learned a level 4 spell: Ice Form
 18074 | Lair:1   | Reached XP level 11. HP: 48/48 MP: 16/16
 18250 | Lair:1   | Reached skill level 1 in Ice Magic
 19333 | Lair:2   | Noticed a six-headed hydra
 19449 | Lair:1   | Reached skill level 5 in Transmutations
 20595 | Lair:3   | Noticed a seven-headed hydra
 20604 | Lair:3   | Killed a seven-headed hydra
 20822 | Lair:3   | Found a staircase to the Shoals.
 20834 | Lair:3   | Got a heavily runed pewter ring
 21691 | Lair:4   | Reached skill level 10 in Dodging
 21750 | Lair:4   | Found a hole to the Spider Nest.
 21761 | Lair:4   | Slain by a jumping spider
 21762 | Lair:4   | Reached XP level 10. HP: -3/54 MP: 21/24
 21929 | Lair:4   | Noticed a four-headed hydra
 21960 | Lair:4   | Slain by a four-headed hydra
 21961 | Lair:4   | Reached XP level 9. HP: -2/49 MP: 21/23
 22053 | Lair:4   | Reached XP level 10. HP: 46/46 MP: 15/15
 22191 | Lair:4   | Killed a four-headed hydra
 22431 | Lair:4   | Reached *** piety under Sif Muna
 23083 | Lair:5   | Noticed a spiny frog
 23088 | Lair:5   | Noticed a spiny frog
 23090 | Lair:5   | Killed a spiny frog
 23090 | Lair:5   | Reached skill level 10 in Unarmed Combat
 23108 | Lair:5   | Killed a spiny frog
 23526 | Lair:5   | Noticed a six-headed hydra
 23541 | Lair:5   | HP: 1/56 [six-headed hydra (13)]
 23543 | Lair:5   | Killed a six-headed hydra
 23904 | Lair:5   | Reached XP level 11. HP: 50/50 MP: 16/16
 24342 | Lair:5   | Noticed an eight-headed hydra
 24352 | Lair:5   | Killed an eight-headed hydra
 24370 | Lair:5   | Identified the ring "Dicwofij" {rElec rPois} (You found it
                  | on level 3 of the Lair of Beasts)
 24658 | Lair:6   | Entered Level 6 of the Lair of Beasts
 24696 | Lair:6   | Noticed a seven-headed hydra
 24995 | D:11     | Noticed Josephine
 25048 | D:10     | HP: 3/61 [red ugly thing (31)]
 25051 | D:10     | Killed a red ugly thing
 25353 | D:11     | Noticed a centaur warrior
 25385 | D:11     | Killed a centaur warrior
 25472 | D:11     | Noticed Psyche
 25489 | D:11     | Killed Psyche
 25663 | D:11     | Slain by a wraith

Levels and vault maps discovered:
D:1:      shiori_arrival_whats_in_store_for_you, layout_loops_corners
D:2:      layout_loops_ring, nicolae_overflow_crystal_walls,
          chequers_ecumenical_altar_simple_redux, small_statue_intersection,
          uniq_jessica, uniq_terence
D:3:      layout_rooms
D:4:      layout_layer_cave, first_ration, st_stairs_14, evilmike_ruin_ashenzari
D:5:      layout_rooms, fiery_altar_vehumet, kennysheep_small_spiral
D:6:      layout_rooms, ebering_ghost_sewer_f, uniq_pikel, uniq_blork_the_orc,
          uniq_eustachio
D:7:      layout_basic, minmay_temple_entry_hall, grunt_ogre_cave,
          nicolae_ru_sacrificial_ziggurat
D:8:      layout_layer_cave, lair_entry_dummy, serial_shops, nicolae_shop_trees,
          uniq_joseph, uniq_erica
D:9:      layout_basic
D:10:     layout_cave_pods, minivault_22
D:11:     layout_irregular_city, uniq_grum, uniq_psyche, uniq_josephine
Temple:   regret_index_temple_chain_breaker
Lair:1:   layout_regular_city, basic_altar, grunt_megastairs_2,
          serial_bayou_shore_a, uniq_fannar
Lair:2:   layout_small_grid
Lair:3:   layout_chaotic_city, elwin_shoals_entry_rocks, lemuel_fruit_fields
Lair:4:   layout_gridlike, spider_nest_entry_funnel_web
Lair:5:   layout_gridlike
Lair:6:   minmay_lair_end_frog_pond, layout_gridlike, slime_altar_1,
          serial_bayou_pond_d, chequers_serial_rivers_small_3,
          minmay_another_anthill

Skill      XL: |  1  2  3  4  5  6  7  8  9 10 11 |
---------------+----------------------------------+-----
Stealth        | 3 4 5 9 12 13 | 13.6
Poison Magic   | 3 |  3.0
Fighting       | 1 2 4 6 7 8 |  8.3
Spellcasting   | 3 |  3.0
Conjurations   | 3 |  3.0
Air Magic      | 3 |  3.0
Unarmed Combat | 1 5 7 10 | 10.8
Dodging        | 11 12 | 12.0
Transmutations | 4 8 |  8.0
Ice Magic      | 3 |  3.0

Action                   |  1- 3 |  4- 6 |  7- 9 | 10-12 || total
-------------------------+-------+-------+-------+-------++-------
Melee: Unarmed           |    14 |    70 |   314 |   335 ||   733
       Bite              |     1 |     7 |    41 |    24 ||    73
       Punch             |       |       |     2 |     6 ||     8
 Cast: Sting             |    51 |    14 |   101 |     8 ||   174
       Poisonous Vapours |    25 |   102 |   114 |   177 ||   418
       Mephitic Cloud    |       |       |     6 |    22 ||    28
       Sticks to Snakes  |       |       |       |    25 ||    25
       Ice Form          |       |       |       |    13 ||    13
Evoke: Wand              |       |       |     9 |    21 ||    30
  Use: Scroll            |       |     2 |     3 |     8 ||    13
       Potion            |       |       |       |     1 ||     1
 Stab: Distracted        |       |     1 |     1 |     2 ||     4
       Sleeping          |       |       |    11 |    34 ||    45
       Confused          |       |       |     4 |    17 ||    21
       Paralysed         |       |       |     1 |     1 ||     2
  Eat: Chunk             |    13 |    12 |    12 |    47 ||    84
       Ration            |       |       |     1 |       ||     1
Armor: Skin              |     3 |     3 |    34 |    34 ||    74
Dodge: Dodged            |    25 |    75 |   277 |   255 ||   632

Table legend:
 A = Non-vault XP
 B = Vault XP
 C = Vault XP percentage of total XP
 D = Non-vault monster count
 E = Vault monster count
 F = Vault count percentage of total count
                 A         B        C        D         E       F
            +---------+---------+-------+---------+---------+-------
      Total |   28494 |    4275 |  13.0 |     299 |      15 |   4.8
            +---------+---------+-------+---------+---------+-------
        D:1 |      40 |       0 |   0.0 |      21 |       0 |   0.0
        D:2 |     121 |      73 |  37.6 |      32 |       2 |   5.9
        D:3 |      95 |       0 |   0.0 |      26 |       0 |   0.0
        D:4 |     684 |       1 |   0.1 |      29 |       1 |   3.3
        D:5 |     266 |       0 |   0.0 |      15 |       0 |   0.0
        D:6 |     288 |     877 |  75.3 |      13 |       3 |  18.8
        D:7 |    1015 |     592 |  36.8 |      19 |       2 |   9.5
        D:8 |    1220 |     929 |  43.2 |      27 |       1 |   3.6
        D:9 |    1388 |       0 |   0.0 |      18 |       0 |   0.0
       D:10 |    3079 |       0 |   0.0 |      24 |       0 |   0.0
       D:11 |    1198 |     439 |  26.8 |       3 |       1 |  25.0
     Lair:1 |    2847 |     243 |   7.9 |      17 |       1 |   5.6
     Lair:2 |    2749 |       0 |   0.0 |      14 |       0 |   0.0
     Lair:3 |    2416 |       0 |   0.0 |       6 |       0 |   0.0
     Lair:4 |    4933 |    1121 |  18.5 |      15 |       4 |  21.1
     Lair:5 |    6155 |       0 |   0.0 |      20 |       0 |   0.0
            +---------+---------+-------+---------+---------+-------
